AoeStats
← lpmurphyanalytics

Highland

504112337Analyzed
4v4 RM · 29d ago on Sep 4, 2026· 60m 20s· 8 players
Game mode
Random Map
Map size
Large (8 player)
Population
200
Speed
Normal
Resources
Standard
Victory
Conquest
Starting age
Dark Age
Ending age
Imperial Age
RankedLock teamsTeams togetherTeam positionsShared explorationLock speedFull tech treeHidden civsTurbo modeCheats
Victory
Defeat
🇺🇸 Malians · United States
819
+10
🇺🇸 Khmer · United States
811
+28
🇧🇷 Byzantines · Brazil
776
+11
🇺🇸 Spanish · United States
741
+13
🇦🇷 Ethiopians · Argentina
847
-18
🇨🇱 Franks · Chile
644
-10
🇺🇸 Turks · United States
630
-9
🇧🇷 Malians · Brazil
579
-7
THColt45
3:50 Loom
15:34 Feudal Age
16:57 Wheelbarrow
16:09 Town Watch
16:09 Horse Collar
16:22 Double-Bit Axe
16:59 Stone Mining
17:01 Gold Mining
18:49 Fletching
19:00 Padded Archer Armor
19:12 Forging
19:08 Scale Barding Armor
19:19 Bloodlines
23:52 Castle Age
25:21 Hand Cart
25:10 Heavy Plow
25:25 Bow Saw
25:23 Bodkin Arrow
25:44 Leather Archer Armor
26:20 Stone Shaft Mining
26:51 Fortified Wall
26:54 Masonry
27:06 Ballistics
26:40 Guard Tower
26:47 Murder Holes
27:12 Husbandry
28:01 Iron Casting
31:55 Town Patrol
37:54 Imperial Age
37:38 Chain Barding Armor
37:59 Elite Conquistador
39:01 Conscription
38:46 Bracer
39:17 Ring Archer Armor
38:11 Light Cavalry
39:52 Hoardings
40:27 Arrowslits
41:16 Architecture
41:22 Keep
41:13 Conscription
43:33 Blast Furnace
42:34 Scale Mail Armor
51:30 Hoardings
52:51 Plate Barding Armor
57:19 Hussar
BasicOrc4106
2:06 Loom
14:01 Feudal Age
16:20 Horse Collar
16:29 Double-Bit Axe
16:39 Gold Mining
19:09 Castle Age
18:05 Wheelbarrow
17:16 Town Watch
21:57 Stone Mining
22:43 Gold Shaft Mining
22:30 Bow Saw
25:47 Imperial Age
25:18 Hand Cart
26:22 Heavy Plow
29:12 Husbandry
29:22 Bloodlines
31:20 Herbal Medicine
32:30 Scale Barding Armor
33:18 Ballistics
32:51 Stone Mining
33:57 Chain Barding Armor
35:34 Chemistry
35:18 Plate Barding Armor
36:10 Forging
38:00 Stone Shaft Mining
38:20 Iron Casting
38:49 Tusk Swords
39:10 Conscription
38:50 Fletching
40:02 Blast Furnace
39:23 Murder Holes
39:23 Elite Battle Elephant
40:56 Fletching
42:18 Crop Rotation
43:09 Bodkin Arrow
44:13 Town Patrol
44:17 Bracer
46:38 Hoardings
46:15 Masonry
50:25 Architecture
50:00 Siege Engineers
50:31 Elite Ballista Elephant
51:12 Double Crossbow
lpmurphyanalytics
9:18 Loom
12:46 Feudal Age
15:38 Double-Bit Axe
20:42 Horse Collar
24:00 Castle Age
24:53 Wheelbarrow
26:39 Squires
27:20 Man-at-Arms
27:22 Pikeman
29:22 Scale Barding Armor
29:29 Forging
29:21 Scale Mail Armor
30:42 Hand Cart
30:27 Gold Mining
30:28 Stone Mining
30:04 Long Swordsman
30:48 Husbandry
31:00 Bloodlines
34:15 Imperial Age
32:37 Bow Saw
32:36 Heavy Plow
32:28 Town Watch
35:14 Farimba
35:07 Heavy Camel Rider
36:14 Chain Barding Armor
36:44 Conscription
38:12 Plate Barding Armor
38:13 Iron Casting
39:02 Crop Rotation
40:45 Chemistry
41:58 Chain Mail Armor
43:33 Plate Mail Armor
44:55 Gold Shaft Mining
44:56 Stone Shaft Mining
46:27 Elite Gbeto
47:02 Fletching
49:10 Caravan
51:51 Hoardings
54:28 Bodkin Arrow
57:51 Caravan
58:06 Light Cavalry
NEANDRO4984
0:28 Loom
10:43 Feudal Age
18:31 Castle Age
17:29 Horse Collar
17:43 Double-Bit Axe
18:35 Gold Mining
25:45 Stone Mining
26:35 Wheelbarrow
29:07 Murder Holes
30:07 Elite Skirmisher
33:21 Imperial Age
32:23 Padded Archer Armor
32:13 Fletching
33:44 Leather Archer Armor
33:58 Bow Saw
34:17 Ballistics
35:20 Chemistry
36:50 Gold Shaft Mining
40:13 Heavy Plow
40:30 Hand Cart
41:18 Two-Man Saw
40:55 Ring Archer Armor
40:20 Bodkin Arrow
41:28 Stone Shaft Mining
40:38 Treadmill Crane
41:32 Guilds
41:53 Coinage
41:23 Caravan
44:21 Banking
45:09 Conscription
44:55 Bracer
45:50 Crop Rotation
46:29 Hoardings
46:07 Logistica
46:00 Greek Fire
45:22 Elite Cataphract
47:35 Fortified Wall
48:49 Block Printing
48:45 Fervor
49:01 Illumination
51:48 Capped Ram
52:48 Siege Ram
54:21 Scale Barding Armor
54:16 Scale Mail Armor
54:27 Forging
53:46 Onager
57:06 Atonement
57:29 Sanctity
58:06 Theocracy
59:41 Redemption
60:20 Chain Barding Armor
60:15 Chain Mail Armor
DearestDickSmith
12:23 Loom
14:31 Feudal Age
16:31 Stone Mining
16:52 Double-Bit Axe
16:50 Horse Collar
21:17 Castle Age
24:53 Heavy Plow
25:07 Gold Mining
26:50 Gold Shaft Mining
26:32 Bow Saw
28:15 Fletching
28:32 Scale Barding Armor
28:40 Forging
28:31 Padded Archer Armor
30:01 Wheelbarrow
34:04 Imperial Age
33:09 Fortified Wall
33:13 Masonry
32:44 Treadmill Crane
33:31 Caravan
35:09 Hand Cart
36:13 Artillery
38:25 Two-Man Saw
38:31 Bombard Tower
40:11 Elite Janissary
41:58 Conscription
44:07 Murder Holes
44:44 Architecture
47:11 Leather Archer Armor
46:58 Bodkin Arrow
sebajr10
lipelpimentel
11:39 Feudal Age
12:19 Double-Bit Axe
20:51 Castle Age
20:27 Wheelbarrow
19:37 Town Watch
26:08 Hand Cart
30:48 Imperial Age
28:40 Bow Saw
35:11 Chemistry
CHAMACO
5:48 Loom
11:48 Feudal Age
13:05 Horse Collar
13:12 Double-Bit Axe
18:01 Castle Age
18:33 Scale Mail Armor
19:29 Heavy Plow
20:20 Bow Saw
21:05 Forging
23:47 Wheelbarrow
24:54 Arson
29:17 Iron Casting
31:58 Chain Mail Armor
34:14 Hand Cart
37:47 Imperial Age
35:31 Crossbowman
36:18 Thumb Ring
36:09 Fletching
38:00 Royal Heirs
38:37 Heavy Camel Rider
41:45 Blast Furnace
41:16 Plate Mail Armor
44:09 Gold Mining
45:31 Halberdier
Connection lost

Rejoining the realm…

Still unreachable

The connection could not be restored.

Session expired

The server has moved on; the page needs a fresh start.